 Dungeon Crawl Stone Soup version 0.30.1-4-g462c640d31 (webtiles) character file.

Game seed: 5345164778382591781

1884 Cheops the Summoner (level 8, -4/57 HPs)
             Began as a Yellow Draconian Summoner on Sept 7, 2023.
             Was a Follower of the Shining One.
             Collided with a rock wall (7 damage)
             ... caused by Erica
             ... on level 8 of the Dungeon on Sept 8, 2023.
             The game lasted 00:23:00 (6141 turns).

Cheops the Summoner (Yellow Draconian Summoner)     Turns: 6141, Time: 00:23:00

Health: -4/57      AC: 14    Str: 12    XL:     8   Next: 92%
Magic:  23/23      EV: 12    Int: 17    God:    the Shining One [*.....]
Gold:   333        SH:  0    Dex: 11    Spells: 2/15 levels left

rFire   + . .        a - +1 short sword (venom)
rCold   . . .        (no shield)
rNeg    . . .        (body armour unavailable)
rPois   .            x - +2 hat
rElec   .            m - +1 cloak
rCorr   +            K - +0 pair of gloves
SInv    .            r - +2 pair of boots "Ifiodih" {Rampage *Corrode +Inv Slay+5}
Will    .....        B - amulet of magic regeneration
Stlth   +            d - ring of protection from fire
HPRegen 0.29/turn    v - ring of magical power
MPRegen 0.58/turn

%: corrode self (3%), rampage
@: glowing
A: spit acid, AC +6, unfitting armour, cold-blooded, acid resistance
a: Breathe Acid, Renounce Religion, Evoke Invisibility, Divine Shield


You were on level 8 of the Dungeon.
You worshipped the Shining One.
The Shining One was aware of your devotion.
You visited 2 branches of the dungeon, and saw 9 of its levels.

You collected 333 gold pieces.

Inventory:

Hand Weapons
 a - a +1 short sword of venom (weapon)
 u - a +0 hand axe
Armour
 m - a +1 cloak (worn)
 r - the +2 pair of boots "Ifiodih" (worn) {Rampage *Corrode +Inv Slay+5}
   (You found it on level 2 of the Dungeon)

   Slay:      It affects your accuracy & damage with ranged weapons and melee
   (+5).
   +Inv:      It lets you turn invisible.
   *Corrode:  It may corrode you when you take damage.
   Rampage:   It bestows one free step when moving towards enemies.
 x - a +2 hat (worn)
 K - a +0 pair of gloves (worn)
 M - a +0 buckler
Magical Staves
 G - a staff of fire
Jewellery
 d - a ring of protection from fire (left hand)
 n - a ring of positive energy
 v - a ring of magical power (right hand)
 B - an amulet of magic regeneration (around neck)
 L - a ring of see invisible
Wands
 H - a wand of mindburst (11)
 I - a wand of flame (39)
 J - a wand of paralysis (7)
Scrolls
 c - 2 scrolls of fog {unknown}
 e - 2 scrolls of magic mapping {unknown}
 g - 5 scrolls of enchant armour
 h - 4 scrolls of teleportation
 i - 4 scrolls of immolation
 k - a scroll of poison {unknown}
 l - 2 scrolls of acquirement {unknown}
 o - a scroll of blinking {unknown}
 w - a scroll of fear {unknown}
 y - a scroll of vulnerability {unknown}
 D - 2 scrolls of brand weapon {unknown}
 E - a scroll of silence {unknown}
 N - a scroll of noise {unknown}
Potions
 f - 4 potions of heal wounds {unknown}
 j - 2 potions of might {unknown}
 p - 2 potions of flight
 q - 3 potions of lignification {unknown}
 s - a potion of magic
 t - 3 potions of curing
 z - 2 potions of haste
 A - a potion of attraction
 C - a potion of ambrosia
 F - 2 potions of brilliance


   Skills:
 - Level 1.7 Dodging
 - Level 1.7 Stealth
 - Level 4.0 Spellcasting
 - Level 2.0 Hexes
 - Level 9.0 Summonings
 + Level 6.9 Air Magic


You had 2 spell levels left.
You knew the following spells:

 Your Spells              Type           Power      Damage    Failure   Level
c - Call Canine Familiar  Summ           34%        N/A       1%          3
l - Summon Lightning Spi  Summ/Air       30%        N/A       6%          4
m - Summon Small Mammal   Summ           100%       N/A       1%          1
G - Summon Guardian Gole  Hex/Summ       22%        N/A       4%          3
Z - Call Imp              Summ           68%        N/A       1%          2

Your spell library contained the following spells:

 Spells                   Type           Power      Damage    Failure   Level
 Slow                     Hex            40%        N/A       7%          1
 Lesser Beckoning         Tloc           6%         N/A       24%         2
 Confusing Touch          Hex            10%        N/A       21%         3
 Gell's Gravitas          Tloc           3%         N/A       43%         3
 Teleport Other           Tloc           3%         N/A       43%         3
 Vampiric Draining        Necr           3%         2d6       43%         3


Dungeon Overview and Level Annotations

Branches:
Dungeon (8/15)             Temple (1/1) D:4
   Lair: D:8-11

Altars:
Ashenzari
Cheibriados
Elyvilon
Fedhas
Hepliaklqana
Makhleb
Nemelex Xobeh
Okawaru
Qazlal
Ru
Sif Muna
Trog
Uskayaw
Vehumet
Wu Jian
The Shining One

Shops:
D:4 =

Annotations:
D:8 Erica


Innate Abilities, Weirdness & Mutations

You can spit globs of acid.
Your golden yellow scales are hard. (AC +6)
You cannot fit into any form of body armour.
You are cold-blooded and may be slowed by cold attacks.
You are resistant to acid. (rCorr)


Message History

t - Shout!
Orders for allies: a - Attack new target. r - Retreat! s - Stop attacking. g - Guard the area. f - Follow me.
Anything else - Cancel.
Gang up on whom?
Press: ? - help, Dir - move target, f - Erica
Aim: Erica, wielding a +2 scimitar of flaming and wearing a +0 robe (ally target) Attack!
Your hound bites Erica.
Your hound barely misses Erica.
You hit Erica.
Erica is poisoned.
Erica is lightly wounded.
Your hound bites the centaur zombie.
Erica hits you but does no damage.
You barely miss Erica.
Erica is lightly wounded.
The centaur zombie hits your guardian golem.
The centaur zombie kicks your guardian golem but does no damage.
Your hound bites the centaur zombie.
The centaur zombie hits your guardian golem but does no damage.
The centaur zombie kicks your guardian golem but does no damage.
Your hound bites the centaur zombie.
Erica hits you with a +2 scimitar of flaming!
* * * LOW HITPOINT WARNING * * *
Erica burns you.
* * * LOW HITPOINT WARNING * * *
You hit Erica. You tail-slap Erica.
Erica is moderately wounded.
Your hound bites the centaur zombie.
Erica hits you with a +2 scimitar of flaming.
* * * LOW HITPOINT WARNING * * *
You hit Erica.
Erica looks as sick as possible!
Erica is moderately wounded.
Your hound bites Erica.
A wight comes into view. It is wielding a +4 spear.
A wight comes into view. It is wielding a +5 morningstar.
Erica gestures at you while chanting. The lance of force hits you!!
* * * LOW HITPOINT WARNING * * *
You are knocked back by the lance of force.
You slam into the rock wall!
You die...

...#.#.. .##...## .?
...# ........##.# .....
.>#...#.#.. ##....
..........###
..#............. .######
#####..........##.......
........†.<...#
.........####.#
....$...@..##..
................
.....9@Z.##.....
.=...h..........
.#..z######..... ##.z
.... .... ### ###.


You could see Erica (extremely poisoned, ally target), 2 wights, a centaur
zombie (ally target), a friendly guardian golem (summoned) and a friendly hound
(summoned, sheltered).

Vanquished Creatures
  Grinder (D:6)
  A steam dragon (D:8)
  An orc warrior (D:7)
  A nameless horror (D:7)
  A centaur (D:7)
  A phantom (D:5)
  A gnoll sergeant (D:7)
  2 scorpions
  A wight (D:8)
  Dowan (D:5)
  3 hounds
  2 orc priests
  2 iguanas (D:5)
  7 orc wizards
  A sleepcap (D:5)
  A howler monkey zombie (D:8)
  2 gnolls (D:7)
  5 adders
  A shadow imp (D:5)
  3 white imps
  A dart slug (D:2)
  16 orcs
  8 endoplasms
  3 giant cockroaches
  6 goblins
  4 hobgoblins
  7 quokkas
  4 ball pythons
  5 bats
  3 frilled lizards
  4 kobolds
  6 rats (D:1)
105 creatures vanquished.

Vanquished Creatures (collateral kills)
  A bullfrog (D:6)
  A scorpion (D:5)
  A howler monkey (D:5)
  An orc priest (D:4)
  An orc wizard (D:7)
  3 gnolls (D:7)
  A white imp (D:7)
  A worm (D:4)
  6 orcs
  A bat (D:1)
  An endoplasm (D:4)
  A hobgoblin (D:4)
  A quokka (D:5)
  A ball python (D:4)
  A rat (D:1)
22 creatures vanquished.

Vanquished Creatures (others)
  Duvessa (D:5)
  An ogre (D:6)
2 creatures vanquished.

Grand Total: 129 creatures vanquished

Notes
Turn   | Place    | Note
-------+----------+-------------------------------------------
     0 | D:1      | Cheops the Draconian Summoner began the quest for the Orb.
     0 | D:1      | Reached XP level 1. HP: 14/14 MP: 3/3
   124 | D:1      | Reached XP level 2. HP: 16/20 MP: 3/5
   383 | D:1      | Learned a level 2 spell: Call Imp
   808 | D:2      | Reached XP level 3. HP: 15/26 MP: 7/7
  1003 | D:2      | Identified the +2 pair of boots "Ifiodih" {Rampage *Corrode
                  | +Inv Slay+5}
  1374 | D:2      | Learned a level 3 spell: Call Canine Familiar
  1513 | D:3      | Reached skill level 5 in Summonings
  1521 | D:3      | Reached XP level 4. HP: 28/33 MP: 3/8
  1677 | D:3      | Reached XP level 5. HP: 28/38 MP: 5/9
  1688 | D:3      | Reached skill level 6 in Summonings
  1970 | D:3      | Learned a level 3 spell: Summon Guardian Golem
  2280 | D:4      | Found a staircase to the Ecumenical Temple.
  2288 | D:4      | Reached skill level 1 in Hexes
  2322 | D:4      | Found Dyteym's Jewellery Shop.
  2706 | D:4      | Reached XP level 6. HP: 40/45 MP: 11/11
  2810 | D:5      | Entered Level 5 of the Dungeon
  2874 | D:5      | Noticed Duvessa
  2874 | D:5      | Noticed Dowan
  2927 | Temple   | Entered the Ecumenical Temple
  3096 | Temple   | Became a worshipper of the Shining One
  3136 | D:5      | Killed Dowan
  3144 | D:5      | Killed Duvessa
  3346 | D:5      | Reached skill level 7 in Summonings
  3355 | D:5      | Your scales start taking on a golden yellow colour.
  3355 | D:5      | Reached XP level 7. HP: 50/50 MP: 13/13
  3355 | D:5      | Gained mutation: You are resistant to acid. (rCorr) [Yellow
                  | Draconian growth]
  3549 | D:5      | Reached skill level 8 in Summonings
  4029 | D:6      | Noticed Grinder
  4038 | D:6      | Killed Grinder
  4039 | D:6      | Reached skill level 9 in Summonings
  4046 | D:6      | Learned a level 4 spell: Summon Lightning Spire
  4172 | D:6      | Reached skill level 1 in Air Magic
  4172 | D:6      | Reached XP level 8. HP: 57/57 MP: 14/14
  4984 | D:7      | Reached * piety under the Shining One
  5420 | D:7      | Reached skill level 5 in Air Magic
  6098 | D:8      | Noticed a nameless horror
  6116 | D:7      | Killed a nameless horror
  6134 | D:8      | Noticed Erica
  6141 | D:8      | Collided with a rock wall

Illustrated notes

Levels and vault maps discovered:
D:1:      dpeg_arrival_court, layout_basic
D:2:      layout_basic
D:3:      layout_rooms
D:4:      layout_basic, minmay_temple_entry_proselytizer, serial_shops, shop
D:5:      layout_rooms, minmay_liquid_box, minmay_misc_feat_iff,
          minmay_starry_boxes, uniq_duvessa
D:6:      layout_basic, uniq_grinder
D:7:      layout_basic
D:8:      layout_rooms, grunt_temple_overflow_open, serial_undead,
          serial_undead_d, serial_undead_a, serial_undead_e, serial_undead_b,
          serial_undead_e, serial_undead_a, uniq_erica
Temple:   nicolae_temple_bog_church

Skill      XL: |  1  2  3  4  5  6  7  8 |
---------------+-------------------------+-----
Spellcasting   | 3 4 |  4.0
Summonings     | 5 6 7 9 |  9.0
Hexes          | 2 |  2.0
Air Magic      | 1 6 |  6.9
Dodging        | |  1.7
Stealth        | |  1.7

Action                     |  1- 3 |  4- 6 |  7- 9 || total
---------------------------+-------+-------+-------++-------
  Melee: Hand axe          |   128 |       |       ||   128
         Tailslap          |    12 |    14 |    20 ||    46
         Short sword       |     9 |    79 |   105 ||   193
         Punch             |       |     2 |     2 ||     4
   Cast: Summon Small Mamm |     4 |       |       ||     4
         Call Canine Famil |     1 |    11 |    18 ||    30
         Call Imp          |     1 |     1 |       ||     2
         Summon Guardian G |       |     4 |     8 ||    12
         Summon Lightning  |       |       |     2 ||     2
    Use: Scroll            |       |     3 |     7 ||    10
   Stab: Sleeping          |     3 |     4 |       ||     7
 Armour: Skin              |    66 |    31 |    66 ||   163
  Dodge: Dodged            |   130 |    36 |    76 ||   242
